AoeStats
← Quase Nada

Arabia

504024119Analyzed
2v2 RM · 28d ago on Sep 3, 2026· 28m 31s· 4 players
Game mode
Random Map
Map size
Medium (4 player)
Population
200
Speed
Normal
Resources
Standard
Victory
Conquest
Starting age
Dark Age
Ending age
Imperial Age
RankedLock teamsTeams togetherTeam positionsShared explorationLock speedFull tech treeHidden civsTurbo modeCheats
Victory
Defeat
🇪🇸 Franks · Spain
1024
+12
🇪🇸 Vietnamese · Spain
961
+14
🇧🇷 Goths · Brazil
985
-15
🇧🇷 Britons · Brazil
868
-11
VeX
10:20 Feudal Age
8:39 Loom
12:14 Double-Bit Axe
22:24 Castle Age
22:41 Gold Mining
23:14 Husbandry
23:46 Bow Saw
24:15 Gold Shaft Mining
24:09 Scale Barding Armor
24:57 Forging
Hokho6746
3:32 Loom
10:01 Feudal Age
10:33 Double-Bit Axe
11:00 Horse Collar
18:09 Padded Archer Armor
25:36 Castle Age
25:37 Gold Mining
25:38 Stone Mining
25:48 Elite Skirmisher
28:15 Wheelbarrow
28:28 Leather Archer Armor
28:03 Fletching
Kishin
2:44 Loom
10:04 Feudal Age
12:57 Man-at-Arms
18:48 Arson
24:55 Wheelbarrow
Quase Nada
10:36 Feudal Age
9:47 Loom
12:42 Man-at-Arms
19:52 Castle Age
21:42 Double-Bit Axe
21:40 Horse Collar
22:41 Stone Mining
22:41 Gold Mining
23:04 Bow Saw
22:55 Heavy Plow
27:30 Squires
28:41 Stone Shaft Mining
Connection lost

Rejoining the realm…

Still unreachable

The connection could not be restored.

Session expired

The server has moved on; the page needs a fresh start.